 Dungeon Crawl Stone Soup version 0.30-a0-672-gc3a7216ad8 (webtiles) character file.

Game seed: 12500438779831979609

54 wormed the Ducker (level 3, 0/22 (25) HPs)
             Began as an Octopode Warper on Jan 18, 2023.
             Slain by a goblin
             ... wielding a +0 club
             ... led by Robin
              (6 damage)
             ... on level 2 of the Dungeon.
             The game lasted 00:02:38 (2142 turns).

wormed the Ducker (Octopode Warper)                 Turns: 2142, Time: 00:02:38

HP:   0/22 (25)     AC:  1    Str: 10    XL:     3   Next: 91%
MP:   6/6           EV: 13    Int: 17    God:
Gold: 142           SH:  0    Dex: 11    Spells: 4/6 levels left

rFire   + . .      SeeInvis .      - Unarmed
rCold   . . .      Faith    .    (no shield)
rNeg    . . .      Spirit   .    (helmet restricted)
rPois   .          Reflect  .    (no amulet)
rElec   .          Harm     .    d - ring of protection from fire
rCorr   .          Rampage  .    f - ring of flight
Will    .....                    (no ring)
Stlth   ++                       (no ring)
HPRegen 0.23/turn                (no ring)
MPRegen 0.10/turn                (no ring)
                                 (no ring)
                                 (no ring)

@: flying, heavily drained
A: almost no armour, amphibious, 8 rings, camouflage 1, gelatinous body 1,
(nimble swimmer 1), tentacles
a: no special abilities


You were on level 2 of the Dungeon.
You visited 1 branch of the dungeon, and saw 3 of its levels.

You collected 142 gold pieces.

Inventory:

Missiles
 b - 7 boomerangs of dispersal (quivered)
Jewellery
 d - a ring of protection from fire (left tentacle)
 f - a ring of flight (right tentacle)
Scrolls
 a - a scroll of blinking
 e - a scroll of identify
 j - a scroll of brand weapon
 k - a scroll of amnesia {unknown}
 l - a scroll of poison {unknown}
Potions
 c - 2 potions of curing
 g - a potion of mutation
 h - a potion of ambrosia
 i - a potion of might {unknown}


   Skills:
 + Level 2.8 Fighting
 - Level 1.0 Throwing
 + Level 3.1 Dodging
 + Level 2.9 Unarmed Combat
 - Level 2.0 Spellcasting
 - Level 3.0 Translocations


You had 4 spell levels left.
You knew the following spells:

 Your Spells              Type           Power      Damage    Failure   Level
a - Blink                 Tloc           22%        N/A       9%          2

Your spell library contained the following spells:

 Spells                   Type           Power      Damage    Failure   Level
 Lesser Beckoning         Tloc           22%        N/A       9%          2
 Teleport Other           Tloc           11%        N/A       17%         3
 Kiss of Death            Conj/Necr      4%         2d5       19%         1
 Vhi's Electric Charge    Tloc/Air       12%        N/A       30%         3
 Confusing Touch          Hex            1%         N/A       50%         3
 Manifold Assault         Tloc           11%        N/A       50%         4
 Passage of Golubria      Tloc           11%        N/A       50%         4
 Dispel Undead            Necr           1%         3d6       88%         4
 Silence                  Hex/Air        0%         N/A       99%         5
 Lehudib's Crystal Spear  Conj/Erth      0%         10d2      100%        8


Dungeon Overview and Level Annotations

Branches:
Dungeon (3/15)

Altars:
Dithmenos

Annotations:
D:3 Robin


Innate Abilities, Weirdness & Mutations

You cannot wear most types of armour.
You are amphibious.
You can wear up to eight rings at the same time.
Your skin changes colour to match your surroundings (Stealth+).
Your rubbery body absorbs attacks. (AC +1, EV +1)
((You are camouflaged when in or above water. (Stealth+)))
You have tentacles for arms and can constrict up to eight enemies at once.


Message History

There is an escape hatch in the ceiling here.
A mysterious force pulls you upwards. The hatch slams shut behind you.
HP restored.
Done exploring.
There is an open door here.
There is an open door here.
There is an open door here.
There is a stone staircase leading down here.
You fly downwards.
Level annotation: Robin The hobgoblin hits you.
The hobgoblin barely misses you.
There is a stone staircase leading up here.
There are monsters nearby!
The goblin shouts!
You tentacle-slap the hobgoblin. You grab the hobgoblin.
The hobgoblin is severely wounded.
You constrict the hobgoblin. The hobgoblin hits you.
Robin roars a battlecry!
The goblins go into a battle-frenzy!
You barely miss the hobgoblin.
The hobgoblin is almost dead.
You constrict the hobgoblin.
You kill the hobgoblin!
Robin's horned helmet rattles.
The hobgoblin hits you. The goblin barely misses you.
You fly upwards.
There is a stone staircase leading down here.
You completely miss the hobgoblin. Your grab misses the hobgoblin.
The goblin misses you. The hobgoblin closely misses you.
You closely miss the hobgoblin. You grab the hobgoblin.
You constrict the hobgoblin. The goblin hits you with a +0 club.
The hobgoblin hits you.
You are too injured to fight recklessly!
You tentacle-slap the hobgoblin. You squeeze the hobgoblin.
You kill the hobgoblin!
The goblin hits you with a +0 club.
* * * LOW HITPOINT WARNING * * *
You barely miss the goblin. Your grab misses the goblin.
Your squeeze misses the goblin. The goblin hits you with a +0 club.
You die...

##...##.# ###..# #.#..##.#
#######.###.# #..# #.#.#.#.#
#........##.#####..# #....#..#
#.#####..##........# #.#...#.#
#.# ##.#.#######...## #.##)##.#
#.###.###.## ##.....###.##.##.#
#.##.## ##.###.......##.....).#
#.###.###>###...$.....#.......###
#.###..#....'...@.....'..........
#.........###..).g....#.......###
#####......###.......##........#
#####.## ##.....###........# #.#
##...####........# #.#
###'####.........# #.#
#........####.##)# #.#
#.#.####.####.##.# #.#
#.#.###.....#.##.#


You could see a goblin (strong).

Vanquished Creatures
  2 worms (D:2)
  A dart slug (D:1)
  4 bats
  4 endoplasms (D:2)
  A giant cockroach (D:2)
  8 goblins
  7 hobgoblins
  3 jackals (D:2)
  3 kobolds
  3 ball pythons
  2 frilled lizards (D:2)
  2 rats
40 creatures vanquished.

Notes
Turn   | Place    | Note
-------+----------+-------------------------------------------
     0 | D:1      | wormed the Octopode Warper began the quest for the Orb.
     0 | D:1      | Reached XP level 1. HP: 14/14 MP: 3/3
    60 | D:1      | Found a faded altar of an unknown god.
   110 | D:1      | Reached XP level 2. HP: 17/19 MP: 5/5
   782 | D:1      | Learned a level 2 spell: Blink
  1016 | D:2      | Reached XP level 3. HP: 25/25 MP: 6/6
  1018 | D:2      | Found a shadowy altar of Dithmenos.
  1903 | D:3      | Noticed Robin
  2142 | D:2      | Slain by a goblin

Illustrated notes

Levels and vault maps discovered:
D:1:      wander_arrival_lonely_grave, layout_loops_ring,
          hellmonk_ecumenical_altar_zigzags, chequers_serial_rivers_small_b
D:2:      layout_loops_corners, basic_altar
D:3:      layout_rooms, lemuel_round_altar, serial_shops, shop, uniq_robin

Skill      XL: |  1  2  3 |
---------------+----------+-----
Dodging        | 3 |  3.1
Fighting       | |  2.8
Throwing       | |  1.0
Unarmed Combat | |  2.9
Spellcasting   | |  2.0
Translocations | |  3.0

Action                   || total
-------------------------++-------
Melee: Unarmed           ||    93
       Constrict         ||    21
       Tentacles         ||    19
       Punch             ||     4
  Use: Scroll            ||     4
 Stab: Sleeping          ||     7
Armor: Skin              ||     2
Dodge: Dodged            ||    46

Table legend: (Time is in decaauts)
 A = Elapsed time spent in this place.
 B = Non-inter-level travel time spent in this place.
 C = Inter-level travel time spent in this place.
 D = Time resting spent in this place.
 E = Time spent auto-exploring this place.
 F = Levels seen in this place.
 G = Mean time per level.
                   A        B        C        D        E       F      G
               +--------+--------+--------+--------+--------+-----+--------+
         Total |   2136 |   1994 |    142 |      0 |   1659 |   3 |  712.0 |
       Dungeon |   2136 |   1994 |    142 |      0 |   1659 |   3 |  712.0 |
               +--------+--------+--------+--------+--------+-----+--------+

Top non-repeatable levels by time:
     D:2: 1213 daAuts
     D:1: 793 daAuts
     D:3: 130 daAuts
